 Dungeon Crawl Stone Soup version 0.19.1-1-g22dce08 (webtiles) character file.

8636 LORDOFBUTT the Cleaver (level 11, 0/104 HPs)
             Began as a Minotaur Berserker on Jan 11, 2017.
             Was a High Priest of Trog.
             Slain by a troll (4 damage)
             ... on level 9 of the Dungeon.
             The game lasted 00:11:00 (8954 turns).

LORDOFBUTT the Cleaver (Minotaur Berserker)         Turns: 8954, Time: 00:11:01

Health: 0/104      AC:  6    Str: 25    XL:     11   Next: 12%
Magic:  10/10      EV: 13    Int:  4    God:    Trog [*****.]
Gold:   515        SH:  0    Dex: 10    Spells: 0 memorised, 10 levels left

rFire  . . .     SeeInvis +     q - +2 hand axe (elec)
rCold  . . .     Gourm    .     C - +0 ring mail
rNeg   . . .     Faith    .     (no shield)
rPois  .         Spirit   .     (helmet restricted)
rElec  .         Reflect  .     (no cloak)
rCorr  .         Harm     .     (no gloves)
MR     ++...     Clarity  +     (no boots)
Stlth  ..........               (no amulet)
                                y - ring of protection from magic
                                I - ring of see invisible

@: lethally poisoned (0 -> -3), exhausted, slowed, very slow
A: retaliatory headbutt, horns 2, clarity, deterioration 1, magic resistance 1
a: Berserk, Trog's Hand, Brothers in Arms, Burn Spellbooks, Renounce Religion


You were on level 9 of the Dungeon.
You worshipped Trog.
Trog was extremely pleased with you.
You were very full.

You visited 1 branch of the dungeon, and saw 9 of its levels.

You collected 515 gold pieces.

Inventory:

Hand Weapons
 q - a +2 hand axe of electrocution (weapon)
Armour
 b - a +0 animal skin
 C - a +0 ring mail (worn)
Jewellery
 p - an uncursed amulet of regeneration {unknown}
 y - a ring of protection from magic (right hand)
 I - a ring of see invisible (left hand)
 M - an uncursed ring of protection from magic
Wands
 g - a wand of flame (24/48)
 o - a wand of enslavement (15/24)
 u - a wand of lightning (5/15)
 B - a wand of digging (0/24)
Scrolls
 d - 4 scrolls of remove curse
 e - 3 scrolls of magic mapping {unknown}
 f - 2 scrolls of random uselessness {unknown}
 j - a scroll of enchant weapon {unknown}
 k - 2 scrolls of amnesia {unknown}
 l - 3 scrolls of recharging {unknown}
 m - a scroll of noise {unknown}
 t - a scroll of fear {unknown}
 w - a scroll of acquirement {unknown}
 E - 2 scrolls of identify
 F - a scroll of enchant armour {unknown}
 G - a scroll of brand weapon {unknown}
 K - 2 scrolls of blinking {unknown}
Potions
 a - 2 potions of brilliance {unknown}
 h - 2 potions of lignification
 i - 4 potions of curing
 n - a potion of magic
 r - a potion of cure mutation {unknown}
 s - 2 potions of haste
 v - a potion of resistance {unknown}
 x - 4 potions of might
 z - 3 potions of mutation {unknown}
 A - a potion of flight {unknown}
Comestibles
 c - 7 bread rations
 D - 2 beef jerkies
 H - 2 meat rations
 J - 2 fruits
 L - 4 slices of pizza
 N - 2 royal jellies


   Skills:
 + Level 12.0 Fighting
 - Level 14.5 Axes
 + Level 6.5 Armour
 + Level 5.7 Dodging


You had 10 spell levels left.
You didn't know any spells.

Dungeon Overview and Level Annotations

Branches:
Dungeon (9/15)             Temple (0/1) D:6            Lair (0/6) D:8
    Orc: D:9-12

Altars:


Innate Abilities, Weirdness & Mutations

You reflexively headbutt those who attack you in melee.
You have a pair of horns on your head.
You possess an exceptional clarity of mind.
Your body sometimes deteriorates upon taking damage.
You are resistant to hostile enchantments. (MR+)


Message History

You are no longer berserk.
You are exhausted.
You feel yourself slow down. The troll misses you. The troll claws you.
* * * LOW HITPOINT WARNING * * *
The troll misses you.
You hit the troll but do no damage.
There is a sudden explosion of sparks!
The troll is moderately wounded.
You feel sick.
You hit the troll but do no damage.
The troll is moderately wounded.
You feel sick. The troll barely misses you. You furiously retaliate!
You headbutt the troll! The troll closely misses you. The troll claws you.
* * * LOW HITPOINT WARNING * * *
You slash the troll!
The troll is severely wounded.
The sentinel's mark upon you fades away.
The troll bites you!
* * * LOW HITPOINT WARNING * * *
The troll barely misses you. The troll claws you.
You die...

#.........# #.#.#
#.........# #.#.# .(#
#.........# #.#.# #..
#.........# #.#.#
#.#####.........# #.#.#
#...............# #.#.#
###.........(.....####.#..
..................)...>###
#..†).@T...(...######
#.††).##......##
##)#####......# #.#
#(.....# #.. ######.# ##.#
#.# .. # ... ...


You could see a troll.

Vanquished Creatures
  Erolcha (D:9)
  The ghost of rozman the Destroyer, a novice HEWz of Sif Muna (D:9)
  Pikel (D:4)
  The ghost of tmana the Carver, a novice MiBe of Trog (D:6)
  A hill giant (D:7)
  Joseph (D:8)
  The ghost of BigBluFrog the Shield-Bearer, a novice DsCK of Xom (D:4)
  Grinder (D:5)
  Prince Ribbit (D:8)
  A hippogriff (D:8)
  Sigmund (D:2)
  2 wyverns (D:8)
  Menkaure (D:5)
  A water moccasin (D:9)
  A swamp drake (D:8)
  4 orc warriors
  3 sky beasts
  A phantom (D:7)
  2 black bears
  3 ice beasts
  6 ogres
  A centaur (D:7)
  A crocodile (D:8)
  Blork the orc (D:5)
  3 bullfrogs (D:6)
  3 scorpions
  6 killer bees (D:7)
  4 howler monkeys
  A quasit (D:7)
  A bullfrog zombie (D:6)
  4 hounds
  2 jellies (D:8)
  2 bullfrog skeletons
  5 orc priests
  A centaur skeleton (D:8)
  10 orc wizards
  Ijyb (D:2)
  Terence (D:2)
  8 iguanas
  5 worker ants
  A killer bee zombie (D:6)
  A hound skeleton (D:5)
  A hound zombie (D:9)
  2 worker ant zombies (D:7)
  A howler monkey zombie (D:6)
  8 adders
  4 gnolls (D:8)
  3 shadow imps
  2 oozes
  An adder skeleton (D:5)
  2 worms
  2 dart slugs
  6 leopard geckos
  23 orcs
  6 giant cockroaches
  5 goblins
  4 hobgoblins
  15 kobolds
  3 quokkas
  A ball python (D:1)
  8 bats
  5 frilled lizards
  A leopard gecko skeleton (D:5)
  14 rats
  A fungus (D:1)
215 creatures vanquished.

Vanquished Creatures (others)
  An iguana (D:4)
  An adder (D:4)
  2 orcs (D:4)
  3 plants (D:1)
7 creatures vanquished.

Grand Total: 222 creatures vanquished

Notes
Turn   | Place    | Note
-------+----------+-------------------------------------------
     0 | D:1      | LORDOFBUTT the Minotaur Berserker began the quest for the Orb.
     0 | D:1      | Reached XP level 1. HP: 19/19 MP: 0/0
     0 | D:1      | Noticed a troll
     0 | D:1      | Noticed a troll
     1 | D:1      | Noticed a gargoyle
     3 | D:1      | Noticed a vine stalker
     5 | D:1      | Noticed a naga
     7 | D:1      | Noticed a formicid
     8 | D:1      | Noticed a dwarf
    10 | D:1      | Noticed an octopode
    12 | D:1      | Noticed a centaur
    12 | D:1      | Noticed a dwarf
    13 | D:1      | Noticed a naga
    14 | D:1      | Noticed an octopode
    16 | D:1      | Noticed an elf
    18 | D:1      | Noticed a felid
    18 | D:1      | Noticed a vampire
    20 | D:1      | Noticed a formicid
   173 | D:1      | Reached XP level 2. HP: 26/27 MP: 1/1
   185 | D:1      | Reached skill level 4 in Axes
   501 | D:1      | Reached XP level 3. HP: 33/33 MP: 2/2
  1476 | D:2      | Noticed Terence
  1481 | D:2      | Killed Terence
  1481 | D:2      | Reached skill level 5 in Axes
  1580 | D:2      | Reached XP level 4. HP: 38/41 MP: 3/3
  1757 | D:2      | Noticed Sigmund
  1779 | D:2      | Killed Sigmund
  1779 | D:2      | Reached ** piety under Trog
  1779 | D:2      | Reached skill level 5 in Fighting
  1779 | D:2      | Reached skill level 6 in Axes
  1779 | D:2      | Reached XP level 5. HP: 12/48 MP: 4/4
  2146 | D:2      | Noticed Ijyb
  2160 | D:2      | Killed Ijyb
  2227 | D:2      | Reached XP level 6. HP: 41/57 MP: 5/5
  2460 | D:3      | Reached skill level 7 in Axes
  2980 | D:4      | Noticed Pikel
  2980 | D:4      | Noticed a slave
  2981 | D:4      | Noticed a slave
  2981 | D:4      | Noticed a slave
  2982 | D:4      | Noticed a slave
  2992 | D:4      | Killed Pikel
  2992 | D:4      | Reached skill level 9 in Axes
  2992 | D:4      | Reached XP level 7. HP: 36/66 MP: 6/6
  3262 | D:4      | Noticed BigBluFrog's ghost (novice DsCK)
  3268 | D:4      | Reached XP level 8. HP: 73/73 MP: 7/7
  3273 | D:4      | Killed BigBluFrog's ghost
  3273 | D:4      | Reached skill level 10 in Axes
  3344 | D:4      | Got a vibrating ivory amulet
  3394 | D:4      | Reached *** piety under Trog
  3742 | D:5      | Entered Level 5 of the Dungeon
  3752 | D:5      | Noticed Menkaure
  3760 | D:5      | Killed Menkaure
  4251 | D:5      | Reached skill level 11 in Axes
  4273 | D:5      | Noticed Blork the orc
  4274 | D:5      | Noticed Grinder
  4280 | D:5      | Killed Blork the orc
  4286 | D:5      | Killed Grinder
  4498 | D:5      | Reached XP level 9. HP: 28/82 MP: 8/8
  4543 | D:5      | Gained mutation: You possess an exceptional clarity of mind. [mutagenic meat]
  4544 | D:5      | Gained mutation: You evolve. [mutagenic meat]
  4545 | D:5      | Gained mutation: You are resistant to hostile enchantments. (MR+) [mutagenic meat]
  4546 | D:5      | Lost mutation: You evolve. [mutagenic meat]
  4547 | D:5      | Gained mutation: Your body sometimes deteriorates upon taking damage. [mutagenic meat]
  4574 | D:5      | Reached skill level 12 in Axes
  5206 | D:6      | Noticed tmana's ghost (novice MiBe)
  5219 | D:6      | Killed tmana's ghost
  5233 | D:6      | Reached skill level 13 in Axes
  5408 | D:6      | Reached **** piety under Trog
  5602 | D:6      | Found a staircase to the Ecumenical Temple.
  6043 | D:7      | Reached skill level 10 in Fighting
  6196 | D:7      | Noticed a hill giant
  6208 | D:7      | Killed a hill giant
  6208 | D:7      | Reached XP level 10. HP: 24/94 MP: 9/9
  6283 | D:7      | HP: 1/94 [orc priest/divine providence (17)]
  6381 | D:6      | HP: 3/94 [ogre/giant spiked club (25)]
  6382 | D:6      | Reached skill level 14 in Axes
  7339 | D:7      | HP: 4/94 [poisoned by a killer bee]
  7347 | D:7      | HP: 4/94 [poisoned by a killer bee]
  7920 | D:7      | Lost intelligence.
  7920 | D:7      | Identified the amulet of the Jester {RegenMP MR++ Int-5} (You found it on level 4 of the Dungeon)
  8195 | D:8      | Noticed Prince Ribbit
  8204 | D:8      | Killed Prince Ribbit
  8607 | D:8      | Found a staircase to the Lair.
  8640 | D:8      | Reached skill level 5 in Armour
  8745 | D:8      | Noticed Joseph
  8762 | D:8      | Killed Joseph
  8880 | D:9      | Noticed Erolcha
  8892 | D:9      | Killed Erolcha
  8892 | D:9      | Reached ***** piety under Trog
  8892 | D:9      | Reached skill level 5 in Dodging
  8892 | D:9      | Reached XP level 11. HP: 44/104 MP: 10/10
  8927 | D:9      | Noticed rozman's ghost (novice HEWz)
  8936 | D:9      | Killed rozman's ghost
  8954 | D:9      | HP: 4/104 [troll (12)]
  8954 | D:9      | Slain by a troll

Skill      XL: |  1  2  3  4  5  6  7  8  9 10 11 |
---------------+----------------------------------+-----
Axes           | 4 5 6 9 11 13 14 | 14.5
Fighting       | 4 5 7 8 10 11 12 | 12.0
Armour         | 6 |  6.5
Dodging        | 5 |  5.7

Action                   |  1- 3 |  4- 6 |  7- 9 | 10-12 || total
-------------------------+-------+-------+-------+-------++-------
Melee: Hand axe          |    87 |    90 |   167 |   235 ||   579
       Headbutt          |    14 |    12 |    33 |    52 ||   111
Invok: Berserk           |       |       |     4 |     2 ||     6
       Burn Spellbooks   |       |       |     1 |       ||     1
  Use: Potion            |       |       |     2 |     3 ||     5
       Scroll            |       |       |     5 |     1 ||     6
 Stab: Sleeping          |       |     1 |     2 |       ||     3
       Confused          |       |       |       |     3 ||     3
  Eat: Chunk             |     1 |     4 |    11 |     7 ||    23
       Pizza             |       |     1 |       |     7 ||     8
       Bread ration      |       |       |     1 |       ||     1
       Meat ration       |       |       |     1 |       ||     1
Armor: Animal skin       |     9 |     9 |    10 |       ||    28
       Ring mail         |       |       |       |    31 ||    31
Dodge: Dodged            |    39 |    45 |    63 |    87 ||   234
